 Dungeon Crawl Stone Soup version 0.26-a0-639-g72c4674329 (webtiles) character file.

Game seed: 10013824870187818567

37 Conn the Magician (level 3, -1/21 HPs)
             Began as an Octopode Hedge Wizard on Sept 20, 2020.
             Slain by a jackal (2 damage)
             ... on level 2 of the Dungeon.
             The game lasted 00:02:31 (956 turns).

Conn the Magician (Octopode Hedge Wizard)            Turns: 956, Time: 00:02:32

Health: -1/21      AC:  1    Str:  9    XL:     3   Next: 39%
Magic:  8/8        EV: 13    Int: 17    God:
Gold:   14         SH:  0    Dex: 11    Spells: 8/9 levels left

rFire    . . .     SeeInvis .   a - +0 dagger
rCold    . . .     Faith    .   (no shield)
rNeg     . . .     Spirit   .   b - +0 hat
rPois    .         Reflect  .   (no amulet)
rElec    .         Harm     .   (no ring)
rCorr    .         Rampage  .   (no ring)
MR       .....                  (no ring)
Stlth    +++.......             (no ring)
HPRegen  0.07/turn              (no ring)
MPRegen  0.11/turn              (no ring)
                                (no ring)
                                (no ring)

@: no status effects
A: almost no armour, stealthy swim, amphibious, 8 rings, constrict 8, camouflage
1, gelatinous body 1
a: no special abilities


You were on level 2 of the Dungeon.
You visited 1 branch of the dungeon, and saw 2 of its levels.

You collected 14 gold pieces.

Inventory:

Hand Weapons
 a - a +0 dagger (weapon)
Missiles
 f - 28 poisoned darts (quivered)
 k - 4 datura-tipped darts
Armour
 b - a +0 hat (worn)
Scrolls
 c - 2 scrolls of teleportation {unknown}
 m - a scroll of enchant weapon {unknown}
 n - a scroll of enchant armour {unknown}
Potions
 d - a potion of cancellation {unknown}
 e - a potion of might {unknown}
 g - a potion of ambrosia {unknown}
 h - a potion of haste {unknown}
 i - a potion of flight {unknown}
 j - 3 potions of mutation {unknown}
 l - a potion of resistance {unknown}


   Skills:
 + Level 0.2 Fighting
 + Level 2.2 Dodging
 + Level 3.3 Stealth
 + Level 3.7 Spellcasting
 + Level 1.1 Conjurations
   Level 1.0 Summonings
   Level 1.0 Translocations


You had 8 spell levels left.
You knew the following spells:

 Your Spells              Type           Power        Failure   Level
a - Magic Dart            Conj           #...         10%         1

Your spell library contained the following spells:

 Spells                   Type           Power        Failure   Level
 Blink                    Tloc           N/A          16%         2
 Call Imp                 Summ           #.......     16%         2
 Slow                     Hex            #.......     24%         2
 Conjure Flame            Conj/Fire      #.......     36%         3
 Mephitic Cloud           Conj/Pois/Air  #.......     38%         3


Dungeon Overview and Level Annotations

Branches:
Dungeon (2/15)

Altars:


Innate Abilities, Weirdness & Mutations

You cannot wear most types of armour.
You are very stealthy in the water. (Stealth+)
You are amphibious.
You can wear up to eight rings at the same time.
You can use your tentacles to constrict eight enemies at once.
Your skin changes colour to match your surroundings (Stealth+).
Your rubbery body absorbs attacks. (AC +1, EV +1)


Message History

The jackal bites you but does no damage.
You barely miss the jackal. Your grab misses the jackal.
The jackal is moderately wounded.
The jackal completely misses you.
You hit the jackal. You grab the jackal.
The jackal is severely wounded.
You constrict the jackal.
The jackal bites you but does no damage.
The jackal bites you.
* * * LOW HITPOINT WARNING * * *
You hit the jackal.
You kill the jackal!
The jackal barely misses you.
You barely miss the jackal. You grab the jackal. You constrict the jackal.
The jackal bites you.
* * * LOW HITPOINT WARNING * * *
You hit the jackal.
The jackal is heavily wounded.
You constrict the jackal. The jackal bites you.
You die...

#.# #..######.....
#.###.......'.....
#.#.......#.#.)...
#.#.#.....#.#.....
#.#.......#.##.###
#.#######.#.##.# #.#
#.#.##.# #.#
#.#.##.# #. #@#
#.#.##..
#...#h#######.#.####
+..).......†..#.#
#...#.#.h.......#
#..###..+.....(...#
##
#..#........#######
#..#...............
#..#...............
#..#...(...........


You could see a jackal.

Vanquished Creatures
  A gnoll (D:1)
  An ooze (D:1)
  2 leopard geckos
  2 giant cockroaches
  2 goblins
  A hobgoblin (D:1)
  2 jackals (D:2)
  A quokka (D:2)
  A bat (D:1)
  A frilled lizard (D:2)
  4 kobolds
  3 rats (D:1)
21 creatures vanquished.

Notes
Turn   | Place    | Note
-------+----------+-------------------------------------------
     0 | D:1      | Conn the Octopode Hedge Wizard began the quest for the Orb.
     0 | D:1      | Reached XP level 1. HP: 11/11 MP: 4/4
   105 | D:1      | Reached XP level 2. HP: 11/17 MP: 0/6
   518 | D:1      | Reached XP level 3. HP: 21/21 MP: 8/8
   955 | D:2      | HP: 1/21 [jackal (2)]
   956 | D:2      | Slain by a jackal

Illustrated notes

Levels and vault maps discovered:
D:1:      co_arrival_random_square_maze, layout_rooms
D:2:      minmay_wonky_spiral, layout_basic, overflow_temple_1_default

Skill      XL: |  1  2 |
---------------+-------+-----
Stealth        | 3 |  3.3
Fighting       | |  0.2
Dodging        | |  2.2
Spellcasting   | |  3.7
Conjurations   | |  1.1
Summonings     | |  1.0
Translocations | |  1.0

Action                   || total
-------------------------++-------
Melee: Dagger            ||    52
       Tentacles         ||     6
       Constrict         ||    11
 Cast: Magic Dart        ||    14
 Stab: Sleeping          ||     4
Armor: Skin              ||     7
Dodge: Dodged            ||    39

Table legend: (Time is in decaauts)
 A = Elapsed time spent in this place.
 B = Non-inter-level travel time spent in this place.
 C = Inter-level travel time spent in this place.
 D = Time resting spent in this place.
 E = Time spent auto-exploring this place.
 F = Levels seen in this place.
 G = Mean time per level.
                   A        B        C        D        E       F      G
               +--------+--------+--------+--------+--------+-----+--------+
         Total |    955 |    935 |     20 |     67 |    529 |   2 |  477.5 |
       Dungeon |    955 |    935 |     20 |     67 |    529 |   2 |  477.5 |
               +--------+--------+--------+--------+--------+-----+--------+

Top non-repeatable levels by time:
     D:1: 776 daAuts
     D:2: 179 daAuts
